 Dungeon Sprint DCSS version 0.24.0-123-gd5b16e6ec5 (webtiles) character file.

Game seed: 6785631522119618876, levelgen mode: deterministic

1082 McKennaii the Destroyer (level 8, -12/61 HPs)
             Began as a Black Draconian Conjurer on Jan 26, 2020.
             Mangled by a lindwurm (19 damage)
             ... summoned by Kirke
             ... in the Dungeon (Sprint II: "The Violet Keep of Menkaure").
             The game lasted 00:06:41 (945 turns).

McKennaii the Destroyer (Black Draconian Conjurer)   Turns: 945, Time: 00:06:42

Health: -12/61     AC:  0    Str: 11    XL:     8   Next: 8%
Magic:  17/20      EV: 17    Int: 17    God:
Gold:   959        SH:  0    Dex: 12    Spells: 16/24 levels left

rFire    . . .     SeeInvis .   (weapon currently unavailable)
rCold    . . .     Gourm    .   (shield currently unavailable)
rNeg     . . .     Faith    .   (armour unavailable)
rPois    .         Spirit   .   (helmet currently unavailable)
rElec    .         Reflect  .   (cloak currently unavailable)
rCorr    .         Harm     .   (gloves currently unavailable)
MR       .....     NoTele   +   (boots currently unavailable)
Stlth    ++........             (no amulet)
HPRegen  0.20/turn              (ring currently unavailable)
MPRegen  0.17/turn              (ring currently unavailable)

@: pig-form, very quick
A: small, (breathe lightning), unfitting armour, AC +6
a: no special abilities


You were in the Dungeon.
You were hungry.
You were a filthy swine.
You visited 1 branch You collected 972 gold pieces.
You spent 13 gold pieces at shops.

Inventory:

Scrolls
 h - a scroll of blinking
Potions
 e - a potion of haste
 f - a potion of magic
Comestibles
 b - a ration


   Skills:
 + Level 2.1 Fighting
 + Level 5.5 Dodging
 + Level 3.7 Stealth
 * Level 8.7 Spellcasting
 + Level 13.6 Conjurations


You had 16 spell levels left.
You knew the following spells:

 Your Spells              Type           Power        Failure   Level  Hunger
a - Magic Dart            Conj           ####         1%          1    None
b - Dazzling Spray        Conj/Hex       ####..       1%          3    #......
c - Iskenderun's Mystic   Conj           ######..     1%          4    ###....

Your spell library contained the following spells:

 Spells                   Type           Power        Failure   Level  Hunger
 Searing Ray              Conj           ######       1%          2    None
 Force Lance              Conj/Tloc      ####....     6%          4    ###....
 Fulminant Prism          Conj/Hex       ####......   6%          4    ###....


Dungeon Overview and Level Annotations

Branches:
Dungeon (1/1)

Altars:

Shops:
D !!:[!%?[(=:[=(}=

Annotations:
D exclusion: oklob plant, Kirke


Innate Abilities, Weirdness & Mutations

((You can breathe wild blasts of lightning.))
((Your glossy black scales are hard. (AC +6)))
You cannot fit into any form of body armour.
((You are resistant to electric shocks. (rElec)))
((You are cold-blooded and may be slowed by cold attacks.))


Message History

The lindwurm bites you! The lindwurm closely misses you.
The lindwurm claws you. Kirke casts a spell at you.
You feel a momentary urge to oink.
You hit Kirke but do no damage.
Kirke is heavily wounded.
The lindwurm misses you. The lindwurm barely misses you.
The lindwurm claws you! Kirke hits you!
Unknown command.
You hit Kirke.
Kirke is heavily wounded.
The lindwurm bites you. The lindwurm barely misses you. The lindwurm claws you!
* * * LOW HITPOINT WARNING * * *
Kirke hits you.
* * * LOW HITPOINT WARNING * * *
Unknown command.
You hit Kirke.
Kirke is heavily wounded.
The lindwurm bites you!!
You die...

########c≈#+++#+++##
#######≈Y≈.........#
.....∩#≈≈≈≈.##(##..#
....∩.#≈≈≈≈##...##.####
...∩.∩#≈≈≈≈#..#..#....#
∩.∩.∩.#≈≈####.w.####..##
.∩.∩..#≈##.###+###.##..#
∩.∩...#≈#...##H##...#..#
.⌠....'≈'##.'.H@h###+..#
......#≈#...##c##k..#...
▓▓▓▓###≈##.###'# #.##....
J######≈≈#####.#####≈≈....


Z#H ##≈≈≈#..#..# ≈≈≈§§§. ?+.H +#≈##.#.## ≈≈§§§≈.≈ $#)# ≈≈##'## #≈≈≈≈≈≈≈≈≈§≈
#+++#+++#≈≈≈ You could see Kirke, a yaktaur captain, a lindwurm and 2 harpies.

Vanquished Creatures
  A merfolk siren (D)
  A tyrant leech (D)
  Menkaure (D)
  4 necrophages (D)
  4 worker ants (D)
11 creatures vanquished.

Vanquished Creatures (others)
  A kobold demonologist (D)
  A crocodile (D)
2 creatures vanquished.

Grand Total: 13 creatures vanquished

Notes
Turn   | Place    | Note
-------+----------+-------------------------------------------
     0 | D        | McKennaii the Draconian Conjurer began the quest for the
                  | Orb.
     0 | D        | Reached XP level 1. HP: 14/14 MP: 3/3
     1 | D        | Noticed a tyrant leech
     1 | D        | Noticed a tyrant leech
     4 | D        | Noticed a merfolk siren
     7 | D        | Noticed a necrophage
     7 | D        | Noticed a necrophage
     7 | D        | Noticed a necrophage
     7 | D        | Noticed a necrophage
    16 | D        | Killed a necrophage
    16 | D        | Reached skill level 8 in Conjurations
    16 | D        | Reached XP level 2. HP: 20/20 MP: 3/6
    16 | D        | Reached XP level 3. HP: 26/26 MP: 4/8
    16 | D        | Reached XP level 4. HP: 33/33 MP: 4/9
    24 | D        | Killed a necrophage
    24 | D        | Reached skill level 9 in Conjurations
    24 | D        | Reached XP level 5. HP: 38/38 MP: 4/12
    33 | D        | Killed a necrophage
    33 | D        | Reached skill level 5 in Spellcasting
    33 | D        | Reached skill level 10 in Conjurations
    35 | D        | Killed a crocodile
    54 | D        | Killed a necrophage
    54 | D        | Reached skill level 11 in Conjurations
    54 | D        | Reached XP level 6. HP: 2/44 MP: 0/14
   437 | D        | Found Gunku's Armour Emporium.
   437 | D        | Found Apsuepar's Antique Weapon Emporium.
   437 | D        | Found Cerengom's Weapon Shoppe.
   437 | D        | Found Jaruy's Jewellery Emporium.
   437 | D        | Found Ceipon's Book Shoppe.
   437 | D        | Found Xeefoop's Jewellery Shoppe.
   437 | D        | Found Facenk's Gadget Shoppe.
   438 | D        | Found Vewopharch's Jewellery Emporium.
   438 | D        | Found Gias Xach's Antique Armour Shoppe.
   439 | D        | Found Aggom's Magic Scroll Shoppe.
   439 | D        | Found Voukh's Food Emporium.
   439 | D        | Noticed Menkaure
   445 | D        | Learned a level 3 spell: Dazzling Spray
   450 | D        | Learned a level 4 spell: Iskenderun's Mystic Blast
   473 | D        | Killed Menkaure
   473 | D        | Reached skill level 12 in Conjurations
   478 | D        | Found Iwkohaed's Distillery.
   478 | D        | Found Xamace's Antique Armour Shoppe.
   478 | D        | Noticed an oklob plant
   479 | D        | Found Keig's Distillery.
   479 | D        | Found Witunakh's Distillery.
   479 | D        | Found Sow Wor's Book Shoppe.
   479 | D        | Noticed a slime creature
   497 | D        | Noticed a hippogriff
   497 | D        | Noticed a hippogriff
   502 | D        | Noticed a hippogriff
   513 | D        | Bought a potion of degeneration for 13 gold pieces
   522 | D        | Noticed a slime creature
   609 | D        | Your scales start taking on a glossy black colour.
   609 | D        | Reached XP level 7. HP: 26/51 MP: 0/17
   609 | D        | Gained mutation: You are resistant to electric shocks.
                  | (rElec) [Black Draconian growth]
   610 | D        | Reached skill level 1 in Fighting
   623 | D        | Killed a merfolk siren
   623 | D        | Reached skill level 5 in Dodging
   623 | D        | Reached skill level 13 in Conjurations
   790 | D        | Killed a tyrant leech
   790 | D        | Reached XP level 8. HP: 61/61 MP: 3/20
   805 | D        | Noticed a yaktaur captain
   805 | D        | Noticed an elephant
   891 | D        | Killed a kobold demonologist
   936 | D        | Noticed Kirke
   937 | D        | Noticed a harpy
   937 | D        | Noticed a harpy
   941 | D        | Noticed a lindwurm
   945 | D        | Mangled by a lindwurm

Levels and vault maps discovered:
D:        the_violet_keep_of_menkaure [sprint2_stairs_cluster_1,
          sprint2_shoproom, sprint2_temple, sprint2_basic_supplies,
          sprint2_obstacle_7, sprint2_obstacle_6, sprint2_obstacle_5,
          sprint2_obstacle_3, sprint2_obstacle_1, sprint2_timed_cluster_1,
          sprint2_smallroom_cluster_1, sprint2_smallroom_final_cluster_1,
          sprint2_transparent_cluster_1, sprint2_second_timed_cluster_1,
          sprint2_sniper_area_1, sprint2_heavy_combat_area_1,
          sprint2_mutation_trap_area_1, sprint2_forest_area_1,
          sprint2_light_combat_area_1, sprint2_behind_water_1,
          sprint2_near_end_vault_1]

Skill      XL: |  1  2  3  4  5  6  7 |
---------------+----------------------+-----
Dodging        | 2 3 4 5 |  5.5
Stealth        | 2 3 |  3.7
Spellcasting   | 3 4 5 6 8 |  8.7
Conjurations   | 8 9 11 12 13 | 13.6
Fighting       | 2 |  2.1

Action                   |  1- 3 |  4- 6 |  7- 9 || total
-------------------------+-------+-------+-------++-------
Melee: Unarmed           |     8 |    44 |     7 ||    59
       Tailslap          |       |     5 |       ||     5
 Cast: Magic Dart        |       |    24 |     4 ||    28
       Iskenderun's Myst |       |     5 |     9 ||    14
 Abil: Breathe Lightning |       |       |     4 ||     4
  Use: Potion            |     1 |     1 |     2 ||     4
  Eat: Chunk             |       |       |     2 ||     2
Armor: Skin              |     1 |    14 |     2 ||    17
Dodge: Dodged            |     2 |    43 |    10 ||    55
